 Dungeon Crawl Stone Soup version 0.31-a0-237-g2d982f9f85 (webtiles) character file.

Game seed: 10564016666075962788

158913 dolemite99 the Martial Artist (level 16, -11/179 HPs)
             Began as a Green Draconian Transmuter on July 11, 2023.
             Was an Elder of Sif Muna.
             Mangled by a demonic crawler (12 damage)
             ... on level 1 of the Spider Nest on July 12, 2023.
             The game lasted 01:27:50 (60505 turns).

dolemite99 the Martial Artist (DrTm)               Turns: 60505, Time: 01:27:50

Health: -11/179    AC: 35    Str: 11    XL:     16   Next: 88%
Magic:  9/28       EV: 15    Int: 19    God:    Sif Muna [****..]
Gold:   1325       SH: 20    Dex: 14    Spells: 2/32 levels left

rFire   + .          .
                       - Unarmed
rCold   . . .        F - +5 kite shield
rNeg    + . .        (body armour unavailable)
rPois   ∞            E - +2 hat {Will+}
rElec   +            N - +2 cloak
rCorr   .            s - melded -1 pair of gloves "Zecewnum" {rCorr Str+7 Int+3 SInv}
SInv    .            v - melded +0 pair of boots of the Slug {rPois rF+}
Will    ++...        u - amulet of reflection
Stlth   ++           o - ring of the Hurling Gods {rF+ AC+4 Str-2 Stlth+}
HPRegen 0.49/turn    q - ring of wizardry {=R}
MPRegen 0.21/turn

%: reflection, wizardry (x1)
@: statue-form, slightly contaminated, very slow
A: slow and powerful, torment resistance 1, boosted hp, (breathe noxious fumes),
AC +9, unfitting armour, stinger 1, poison resistance, cold-blooded
}: 1/15 runes: decaying
a: End Transformation, Renounce Religion, Channel Magic, Forget Spell, Divine
Exegesis


You were on level 1 of the Spider Nest.
You worshipped Sif Muna.
Sif Muna was greatly pleased with you.
You were a living statue of rough stone.
You visited 5 branches of the dungeon, and saw 27 of its levels.

You collected 2497 gold pieces.
You spent 1172 gold pieces at shops.

Inventory:

Missiles
 b - 25 poisoned darts
 d - 20 boomerangs (quivered)
 g - a throwing net
 j - 11 javelins
Armour
 s - the -1 pair of gloves "Zecewnum" (melded) {rCorr Str+7 Int+3 SInv}
   (You bought it in a shop on level 2 of the Orcish Mines)

   Str:       It affects your strength (+7).
   Int:       It affects your intelligence (+3).
   SInv:      It lets you see invisible.
   rCorr:     It protects you from acid and corrosion.
 v - the +0 pair of boots of the Slug (melded) {rPois rF+}
   (You found it on level 6 of the Dungeon)

   rF:        It protects you from fire.
   rPois:     It protects you from poison.
 E - a +2 hat of willpower (worn)
 F - a +5 kite shield (worn)
 N - a +2 cloak (worn)
 X - a +1 hat
Magical Staves
 w - the staff of World's End {rF+ rCorr Dex+4 Fire}
   (You found it on level 5 of the Lair of Beasts)

   [staff of fire]

   Base accuracy: +5 Base damage: 5 Base attack delay: 1.2 This weapon's minimum
   attack delay (0.6) is reached at skill level 12.
   Dex:       It affects your dexterity (+4).
   rF:        It protects you from fire.
   rCorr:     It protects you from acid and corrosion.
   Fire:      It increases the power of your Fire spells.
   It falls into the 'Staves' category.
   It is a one-handed weapon.
 G - a staff of earth
 S - a staff of fire
 T - a staff of earth
Jewellery
 e - an amulet of guardian spirit
 o - the ring of the Hurling Gods (left fist) {rF+ AC+4 Str-2 Stlth+}
   (You acquired it on level 2 of the Dungeon)

   [ring of protection]

   AC:        It affects your AC (+4).
   Str:       It affects your strength (-2).
   rF:        It protects you from fire.
   Stlth:     It makes you more stealthy.
 q - a ring of wizardry (right fist) {=R}
 t - a ring of flight
 u - an amulet of reflection (around neck)
 z - a ring of protection from cold
 L - a ring of resist corrosion
 M - a ring of protection from cold
 U - an amulet of regeneration
Wands
 n - a wand of mindburst (8)
 y - a wand of polymorph (10)
 D - a wand of roots (5)
 H - a wand of paralysis (5)
 V - a wand of digging (15)
 Z - a wand of flame (15)
Scrolls
 a - a scroll of amnesia
 c - 3 scrolls of teleportation
 h - a scroll of enchant weapon
 m - 6 scrolls of immolation
 r - 2 scrolls of fear
 x - 3 scrolls of vulnerability
 I - a scroll of poison
 P - a scroll of revelation
 R - 4 scrolls of fog
 W - 5 scrolls of identify {@r1}
Potions
 i - 4 potions of cancellation
 l - 3 potions of enlightenment
 p - a potion of lignification
 B - 2 potions of resistance
 C - a potion of magic
 K - 3 potions of attraction
 O - a potion of mutation
 Y - a potion of brilliance
Miscellaneous
 Q - a phial of floods (inert)


   Skills:
 - Level 11.4 Fighting
 - Level 9.8 Dodging
 - Level 8.0 Shields
 - Level 14.4 Unarmed Combat
 + Level 8.5 Spellcasting
 - Level 6.6 Conjurations
 - Level 8.0 Necromancy
 - Level 10.7 Transmutations
 - Level 5.7 Ice Magic
 - Level 9.9 Earth Magic
 - Level 2.3 Poison Magic
 - Level 10.5 Invocations
 - Level 3.2 Evocations


You had 2 spell levels left.
You knew the following spells:

 Your Spells              Type           Power      Damage    Failure   Level
a - Passwall              Tmut/Erth      39%        N/A       1%          2
b - Wereblood             Tmut           48%        N/A       1%          2
c - Ice Form              Ice/Tmut       39%        N/A       3%          4
d - Irradiate             Conj/Tmut      20%        3d18      9%          5
e - Statue Form           Tmut/Erth      31%        N/A       24%         6
f - Animate Dead          Necr           38%        N/A       4%          4
g - Blink                 Tloc           16%        N/A       16%         2
h - Vampiric Draining     Necr           38%        2d8       1%          3
i - Sublimation of Blood  Necr           38%        N/A       1%          2

Your spell library contained the following spells:

 Spells                   Type           Power      Damage    Failure   Level
 Beastly Appendage        Tmut           96%        N/A       1%          1
 Freeze                   Ice            100%       1d10      1%          1
 Kiss of Death            Conj/Necr      100%       2d13      1%          1
 Magic Dart               Conj           100%       1d8       1%          1
 Sting                    Tmut/Pois      100%       1d8       1%          1
 Searing Ray              Conj           66%        2d6       1%          2
 Foxfire                  Conj/Fire      80%        2x1d8     2%          1
 Shock                    Conj/Air       80%        1d8       2%          1
 Momentum Strike          Conj/Tloc      40%        3d9       4%          2
 Static Discharge         Conj/Air       40%        2-4/arc   4%          2
 Slow                     Hex            32%        N/A       11%         1
 Call Imp                 Summ           16%        N/A       16%         2
 Lesser Beckoning         Tloc           16%        N/A       16%         2
 Scorch                   Fire           16%        2d6       16%         2
 Petrify                  Tmut/Erth      47%        N/A       1%          4
 Hailstorm                Conj/Ice       31%        3d8       2%          3
 Spider Form              Tmut/Pois      32%        N/A       2%          3
 Frozen Ramparts          Ice            58%        1d9       3%          3
 Ozocubu's Armour         Ice            29%        N/A       3%          3
 Blade Hands              Tmut           24%        N/A       3%          5
 Dispel Undead            Necr           38%        3d16      4%          4
 Lee's Rapid Deconstruct  Erth           22%        3d13*     5%          5
 Borgnjor's Vile Clutch   Necr/Erth      21%        N/A       8%          5
 Dazzling Flash           Conj/Hex       40%        N/A       9%          3
 Mephitic Cloud           Conj/Pois/Air  19%        N/A       10%         3
 Alistair's Intoxication  Tmut/Pois      21%        N/A       21%         5
 Flame Wave               Conj/Fire      20%        2d7       26%         4
 Fulminant Prism          Conj/Hex       10%        3d9       26%         4
 Confusing Touch          Hex            8%         N/A       32%         3
 Swiftness                Air            8%         N/A       32%         3
 Summon Ice Beast         Ice/Summ       18%        N/A       32%         4
 Olgreb's Toxic Radiance  Pois           17%        N/A       38%         4
 Death Channel            Necr           19%        N/A       50%         6
 Fireball                 Conj/Fire      10%        3d6       56%         5
 Metabolic Englaciation   Hex/Ice        9%         N/A       65%         5
 Simulacrum               Ice/Necr       17%        N/A       65%         6
 Airstrike                Air            4%         2d(1-17)  69%         4
 Passage of Golubria      Tloc           8%         N/A       69%         4
 Eringya's Noxious Bog    Tmut/Pois      16%        4d6       69%         6
 Silence                  Hex/Air        4%         N/A       95%         5
 Conjure Ball Lightning   Conj/Air       10%        3x3d6     98%         6
 Starburst                Conj/Fire      10%        6d5       98%         6
 Plasma Beam              Fire/Air       4%         2x1d14    100%        6
 Summon Cactus Giant      Summ           4%         N/A       100%        6
 Enfeeble                 Hex            4%         N/A       100%        7
 Ozocubu's Refrigeration  Ice            14%        4d10      100%        7
 Lehudib's Crystal Spear  Conj/Erth      19%        10d6      100%        8
 Chain Lightning          Conj/Air       10%        3d13      100%        9
 Fire Storm               Conj/Fire      10%        8d3       100%        9
 Polar Vortex             Ice            14%        12d1*     100%        9
 Shatter                  Erth           22%        3d20*     100%        9


Dungeon Overview and Level Annotations

Branches:
Dungeon (15/15)            Temple (0/1) D:5            Lair (5/5) D:9
  Swamp (4/4) Lair:3       Spider (1/4) Lair:2        Slime (0/5) Lair:5
    Orc (2/2) D:12            Elf (0/3) Orc:2        Vaults (0/5) D:14
 Depths (0/4) D:15

Altars:
Gozag
Hepliaklqana
Makhleb
Okawaru
Sif Muna
Xom

Shops:
D:2 *   D:8 !*   Orc:2 (([

Portals:
Trove: D:15 (give 17 scrolls of teleportation)


Innate Abilities, Weirdness & Mutations

You are a living statue of rough stone.
Your actions are slow, but your melee attacks are powerful.
You are resistant to unholy torment.
Your maximum health is greatly increased.
Your equipment is partially melded.
((You can breathe blasts of noxious fumes.))
((Your lurid green scales are hard. (AC +9)))
You cannot fit into any form of body armour.
Your tail ends in a venomous barb.
Your system is resistant to poisons. (rPois)
You are cold-blooded and may be slowed by cold attacks.


Message History

The jumping spider bites you but does no damage.
A steelbarb worm comes into view.
The demonic crawler hits you!
* * * LOW HITPOINT WARNING * * *
The demonic crawler closely misses you.
The demonic crawler hits you but does no damage.
The jumping spider closely misses you. The jumping spider bites you.
* * * LOW HITPOINT WARNING * * *
The web tears apart.
You block the demonic crawler's attack.
The demonic crawler hits you but does no damage.
The demonic crawler completely misses you.
The jumping spider closely misses you.
The jumping spider completely misses you.
You block the demonic crawler's attack. The demonic crawler misses you.
You block the demonic crawler's attack.
The jumping spider leaps!
The demonic crawler hits you!
* * * LOW HITPOINT WARNING * * *
The demonic crawler barely misses you. The demonic crawler closely misses you.
The jumping spider leaps!
The demonic crawler misses you. The demonic crawler hits you!
* * * LOW HITPOINT WARNING * * *
You block the demonic crawler's attack. The demonic crawler hits you!
* * * LOW HITPOINT WARNING * * *
You block the demonic crawler's attack.
The demonic crawler hits you but does no damage.
There is a crawl-hole back to the Lair here.
Okay, then.
Okay, then.
Casting: Irradiate (dangerous; 9% risk of failure)
Confirm with . or Enter, or press ? or * to list all spells.
You miscast Blink.
You are lightly contaminated with residual magic.
Nothing appears to happen.
You block the demonic crawler's attack. x3
The demonic crawler barely misses you. x2
You block the demonic crawler's attack.
The steelbarb worm hits you but does no damage.
The demonic crawler hits you.
* * * LOW HITPOINT WARNING * * *
The demonic crawler hits you!
You die...

..^.... .$.
.....##.?#
..°......#
.s......>
....... ..
##....
....##.†.#
#....^^s###
#.....#w8.#
##..# ##..#
... #### .


You could see a steelbarb worm, a demonic crawler (berserk) and a jumping spider
(misshapen).

Vanquished Creatures
  the Lernaean hydra (Swamp:4)
  A tentacled monstrosity (Swamp:1)
  Jorgrun (D:14)
  Mlioglotl (Swamp:1)
  Gastronok (Lair:3)
  A very ugly thing (D:15)
  5 eleionomae
  5 bunyips
  An ettin (D:14)
  The ghost of juan097 the Basher, a journeyman FoFi of Hepliaklqana (Lair:1)
  A shambling mangrove (Swamp:3)
  Harold (D:11)
  A great orb of eyes (D:15)
  An ice dragon (D:14)
  16 hydras
  A ghost crab (Swamp:2)
  An ogre mage (Orc:2)
  5 centaur warriors
  4 boulder beetles
  A dancing weapon (Lair:1)
  5 alligators
  9 two-headed ogres
  Urug (D:11)
  6 death yaks
  A skyshark (Lair:2)
  A shock serpent (shapeshifter) (D:12)
  A spriggan berserker (Swamp:4)
  A skyshark (shapeshifter) (D:15)
  5 swamp dragons
  3 spriggan druids
  3 goliath frogs
  5 bog bodies
  A lindwurm (Lair:5)
  5 deep elf pyromancers
  10 orc knights
  A wolf spider (Spider:1)
  An orc sorcerer (Orc:1)
  8 cyclopes
  5 ugly things
  A moth of wrath (Spider:1)
  A will-o-the-wisp (Swamp:4)
  4 manticores
  Joseph (D:9)
  9 elephants
  4 black mambas
  15 cane toads
  4 unseen horrors
  A gargoyle (D:14)
  A torpor snail (Lair:1)
  11 komodo dragons
  3 rime drakes
  2 tengu conjurers (D:14)
  2 efreet
  2 trolls
  A meliai (shapeshifter) (D:13)
  10 polar bears
  3 tyrant leeches
  8 hornets
  An alligator zombie (Swamp:4)
  9 blink frogs
  6 dream sheep (Lair:5)
  A jumping spider (Lair:2)
  6 slime creatures
  3 culicivoras (Lair:2)
  A spriggan (shapeshifter) (D:14)
  3 centaur simulacra (D:13)
  13 spriggans
  6 basilisks
  A vampire (D:13)
  A water elemental (D:13)
  2 wraiths (D:12)
  5 wyverns
  58 yaks
  2 steam dragons (D:6)
  6 vampire mosquitoes
  6 redbacks (Lair:2)
  11 swamp worms
  Menkaure (D:4)
  The ghost of rogueadept the Conjurer, an amateur HuCj (D:3)
  8 wargs
  A harpy simulacrum (D:13)
  An acid dragon (D:11)
  16 water moccasins
  7 swamp drakes (Swamp:4)
  40 orc warriors
  9 ice beasts
  Pargi (D:3)
  7 black bears
  3 centaurs
  46 wolves
  4 boggarts (Lair:5)
  5 ogres
  A phantom (D:4)
  3 kobold brigands
  The ghost of olmar the Gusty, an amateur TeAE (D:3)
  Blork the orc (Orc:2)
  4 gnoll sergeants
  10 bullfrogs
  2 scorpions
  11 wights
  A hornet simulacrum (D:13)
  6 killer bees (D:8)
  7 howler monkeys
  2 electric eels
  3 hounds
  8 jellies
  11 orc priests
  3 iguanas
  3 sleepcaps
  17 orc wizards
  A boggart simulacrum (D:13)
  9 gnolls
  11 adders
  2 shadow imps
  6 white imps
  4 ufetubi
  A worm (D:3)
  2 dart slugs
  69 orcs
  7 ball pythons
  8 bats
  5 endoplasms
  5 giant cockroaches
  6 goblins
  8 hobgoblins
  12 jackals
  A quokka (D:1)
  4 frilled lizards
  31 kobolds
  11 rats
793 creatures vanquished.

Vanquished Creatures (collateral kills)
  A very ugly thing (D:15)
  Nessos (Lair:3)
  3 bunyips
  A shambling mangrove (Swamp:4)
  2 hydras
  A ghost crab (Swamp:3)
  2 alligators
  A spriggan berserker (Swamp:4)
  3 goliath frogs
  A spriggan druid (Swamp:4)
  6 swamp dragons (Swamp:4)
  A will-o-the-wisp (Swamp:1)
  An elephant (Lair:3)
  A tyrant leech (Swamp:2)
  5 hornets
  3 spriggans
  6 swamp worms
  A swamp drake (Swamp:4)
  A butterfly (Swamp:1)
41 creatures vanquished.

Vanquished Creatures (others)
  A bunyip zombie (Swamp:3)
  A goliath frog zombie (Swamp:1)
  An eleionoma zombie (Swamp:4)
  A swamp worm zombie (Swamp:3)
  4 hydra zombies (Swamp:4)
  7 bloated husks
  A boulder beetle zombie (D:15)
  2 alligator zombies
  A swamp worm (Swamp:3)
  2 hornet zombies (Swamp:3)
  An elf zombie (D:15)
  6 swamp dragon zombies
  A spriggan zombie (Swamp:3)
  2 swamp drake zombies (Swamp:4)
  19 foxfires
50 creatures vanquished.

Grand Total: 884 creatures vanquished

Notes
Turn   | Place    | Note
-------+----------+-------------------------------------------
     0 | D:1      | dolemite99 the Draconian Transmuter began the quest for the
                  | Orb.
     0 | D:1      | Reached XP level 1. HP: 16/16 MP: 3/3
   120 | D:1      | Reached XP level 2. HP: 10/23 MP: 5/5
   539 | D:1      | Found a faded altar of an unknown god.
   562 | D:1      | Prayed at the altar of an unknown god.
   562 | D:1      | Became a worshipper of Sif Muna the Loreminder
   562 | D:1      | Reached * piety under Sif Muna
   575 | D:1      | Reached skill level 4 in Unarmed Combat
   681 | D:1      | Reached XP level 3. HP: 28/28 MP: 6/6
  1088 | D:2      | Reached ** piety under Sif Muna
  1209 | D:2      | Found Qaizi's General Store.
  1380 | D:2      | Reached XP level 4. HP: 32/35 MP: 5/7
  1436 | D:2      | Reached skill level 5 in Unarmed Combat
  1574 | D:2      | Learned a level 2 spell: Wereblood
  1631 | D:2      | Identified a scroll of acquirement
  1631 | D:2      | Acquired the ring of the Hurling Gods {rF+ AC+4 Str-2
                  | Stlth+}
  2528 | D:3      | Found a runed translucent gate.
  2530 | D:3      | Found a runed translucent gate.
  2531 | D:3      | Found a runed translucent gate.
  2563 | D:3      | Noticed olmar's ghost (amateur TeAE)
  2563 | D:3      | Noticed rogueadept's ghost (amateur HuCj)
  2625 | D:3      | Reached XP level 5. HP: 40/40 MP: 5/8
  2920 | D:3      | Noticed Pargi
  2939 | D:3      | Killed Pargi
  2940 | D:3      | Reached skill level 6 in Unarmed Combat
  3535 | D:4      | Noticed a phantom
  3551 | D:4      | Killed a phantom
  3551 | D:4      | Reached *** piety under Sif Muna
  3552 | D:4      | Reached skill level 7 in Unarmed Combat
  3552 | D:4      | Reached XP level 6. HP: 43/47 MP: 7/9
  3703 | D:4      | Noticed Menkaure
  3714 | D:4      | Killed Menkaure
  4333 | D:4      | Reached skill level 8 in Unarmed Combat
  4333 | D:4      | Your scales start taking on a lurid green colour.
  4333 | D:4      | Reached XP level 7. HP: 52/52 MP: 10/10
  4333 | D:4      | Gained mutation: Your system is resistant to poisons.
                  | (rPois) [Green Draconian growth]
  4922 | D:4      | Found a burning altar of Makhleb.
  5235 | D:5      | Entered Level 5 of the Dungeon
  5339 | D:5      | Learned a level 3 spell: Spider Form
  5343 | D:5      | Found a staircase to the Ecumenical Temple.
  5772 | D:5      | Reached XP level 8. HP: 57/61 MP: 11/11
  6300 | D:5      | Reached skill level 9 in Unarmed Combat
  7841 | D:6      | Identified the +0 pair of boots of the Slug {rPois rF+}
  7951 | D:6      | Learned a level 4 spell: Ice Form
  8069 | D:6      | Reached skill level 5 in Transmutations
  8770 | D:7      | Reached XP level 9. HP: 63/71 MP: 6/12
  9234 | D:7      | Reached skill level 10 in Unarmed Combat
 10526 | D:8      | Found Rekhiq's Distillery.
 10535 | D:8      | Bought a potion of heal wounds for 60 gold pieces
 10535 | D:8      | Bought a potion of berserk rage for 60 gold pieces
 10535 | D:8      | Bought a potion of might for 48 gold pieces
 10535 | D:8      | Bought a potion of curing for 36 gold pieces
 10540 | D:8      | Found an opulent altar of Gozag.
 11373 | D:8      | Found Redacs's Retail Resort.
 12443 | D:8      | Killed an unseen horror
 12809 | D:9      | Reached skill level 5 in Fighting
 12824 | D:9      | Reached **** piety under Sif Muna
 12917 | D:9      | Noticed a polar bear
 12918 | D:9      | Noticed Joseph
 12939 | D:9      | Killed a polar bear
 12956 | D:9      | Reached XP level 10. HP: 81/81 MP: 9/13
 12960 | D:9      | Reached skill level 11 in Unarmed Combat
 13299 | D:9      | Reached skill level 1 in Ice Magic
 13503 | D:9      | Found an iron altar of Okawaru.
 13840 | D:9      | Paralysed by Joseph for 2 turns
 13852 | D:9      | Killed Joseph
 13853 | D:9      | Reached skill level 5 in Dodging
 14537 | D:9      | Found a staircase to the Lair.
 14726 | D:8      | Found a faded altar of an unknown god.
 14951 | D:8      | Found a hazy altar of Hepliaklqana.
 15646 | D:10     | Entered Level 10 of the Dungeon
 16091 | D:10     | Reached skill level 5 in Ice Magic
 16180 | D:10     | Identified the +1 pair of boots of Tuamycus {Dex+3}
 16265 | D:10     | Reached XP level 11. HP: 63/91 MP: 6/14
 16742 | D:10     | Noticed a two-headed ogre
 16752 | D:10     | Killed a two-headed ogre
 17494 | D:8      | Bought a potion of curing for 36 gold pieces
 17494 | D:8      | Bought a potion of curing for 36 gold pieces
 17494 | D:8      | Bought a potion of curing for 36 gold pieces
 17517 | D:8      | Bought a wand of roots (3) for 86 gold pieces
 17550 | Lair:1   | Entered Level 1 of the Lair of Beasts
 17609 | Lair:1   | Noticed a death yak
 17609 | Lair:1   | Noticed a death yak
 17622 | Lair:1   | Reached skill level 1 in Invocations
 17681 | D:9      | Killed a death yak
 18113 | Lair:1   | Killed a death yak
 18258 | Lair:1   | Reached skill level 5 in Invocations
 19063 | D:9      | Reached ***** piety under Sif Muna
 19063 | D:9      | Received a gift from Sif Muna
 19067 | D:9      | Got Sif Muna's Handbook of the Lofty Fairies {god gift}
 20397 | Lair:1   | Reached skill level 12 in Unarmed Combat
 20649 | Lair:1   | Found a runed translucent door.
 20695 | Lair:1   | Learned a level 4 spell: Petrify
 20698 | Lair:1   | Found a shimmering altar of Xom.
 20698 | Lair:1   | Noticed juan097's ghost (journeyman FoFi)
 20703 | Lair:1   | Noticed a +0 long sword of chaos
 21184 | Lair:1   | Identified the +6 falchion "Neelutwa" {heavy, Fragile Str+2
                  | Int+6 Stlth+}
 21349 | Lair:2   | Noticed a skyshark
 21364 | Lair:2   | Killed a skyshark
 21365 | Lair:2   | Reached skill level 1 in Earth Magic
 21365 | Lair:2   | Reached XP level 12. HP: 95/100 MP: 8/18
 22123 | Lair:2   | Noticed a death yak
 22123 | Lair:2   | Noticed a death yak
 22255 | Lair:2   | Noticed a death yak
 22255 | Lair:2   | Noticed a death yak
 22306 | Lair:2   | Killed a death yak
 22316 | Lair:2   | Killed a death yak
 22326 | Lair:1   | Killed a death yak
 23111 | Lair:2   | Killed a death yak
 23308 | Lair:2   | Found a hole to the Spider Nest.
 23683 | Lair:2   | Reached skill level 5 in Earth Magic
 23915 | Lair:3   | Noticed Nessos
 23975 | Lair:3   | Killed Nessos
 24745 | Lair:3   | Noticed Gastronok
 24767 | Lair:3   | Killed Gastronok
 25136 | Lair:3   | Reached XP level 13. HP: 111/111 MP: 13/19
 25640 | Lair:3   | Reached skill level 13 in Unarmed Combat
 26100 | Lair:3   | Found a staircase to the Swamp.
 26844 | Lair:4   | Reached skill level 5 in Spellcasting
 28068 | Lair:4   | Upgraded the game from 0.31-a0-236-g9a0961fb85 to
                  | 0.31-a0-237-g2d982f9f85
 28070 | Lair:5   | Entered Level 5 of the Lair of Beasts
 28100 | Lair:4   | Reached skill level 10 in Fighting
 29357 | Lair:5   | Found a staircase to the Slime Pits.
 29959 | Lair:5   | Learned a level 5 spell: Irradiate
 30022 | Lair:5   | Reached skill level 1 in Conjurations
 30979 | Lair:5   | Gained mutation: Your tail ends in a venomous barb. [Green
                  | Draconian growth]
 30979 | Lair:5   | Reached XP level 14. HP: 42/121 MP: 4/21
 31612 | Lair:5   | Reached skill level 1 in Shields
 31833 | Lair:5   | Paralysed by a hornet for 3 turns
 32297 | Lair:5   | Identified the staff of World's End {rF+ rCorr Dex+4 Fire}
 32690 | D:11     | Reached skill level 5 in Conjurations
 32922 | D:11     | Noticed Harold
 32933 | D:11     | Killed Harold
 33067 | D:11     | Received a gift from Sif Muna
 33397 | D:11     | Noticed Urug
 33431 | D:11     | Killed Urug
 33975 | D:11     | Learned a level 3 spell: Mephitic Cloud
 34405 | D:3      | Killed olmar's ghost
 34410 | D:3      | Killed rogueadept's ghost
 34631 | D:12     | Found a staircase to the Orcish Mines.
 36389 | D:12     | Reached skill level 14 in Unarmed Combat
 37992 | Orc:1    | Entered Level 1 of the Orcish Mines
 38578 | Orc:2    | Entered Level 2 of the Orcish Mines
 40255 | Orc:2    | Noticed Blork the orc
 40271 | Orc:2    | Killed Blork the orc
 42424 | Orc:2    | Found Mayzish's Antique Weapon Emporium.
 42424 | Orc:2    | Found Cimusix's Antique Weapon Boutique.
 43112 | Orc:2    | Found a staircase to the Elven Halls.
 43148 | Orc:2    | Paralysed by something for 3 turns
 43153 | Orc:2    | HP: 1/148 [something (9)]
 44085 | Orc:2    | Found Debudunk's Book Boutique.
 44085 | Orc:2    | Found Sedghuaru's Antique Armour Emporium.
 44210 | Orc:2    | Bought a pair of steaming gloves for 294 gold pieces
 44210 | Orc:2    | Identified the -1 pair of gloves "Zecewnum" {rCorr Str+7
                  | Int+3 SInv} (You bought it in a shop on level 2 of the
                  | Orcish Mines)
 44827 | D:8      | Bought a potion of haste for 120 gold pieces
 44848 | D:8      | Bought an amulet of reflection for 360 gold pieces
 45197 | D:12     | Reached XP level 15. HP: 129/129 MP: 19/25
 45503 | D:12     | Learned a level 4 spell: Animate Dead
 45739 | D:13     | Reached skill level 1 in Necromancy
 46751 | D:13     | Received a gift from Sif Muna
 46752 | D:13     | Got Sif Muna's Almanac of Mortification and Terra Firma
                  | {god gift}
 46962 | D:12     | Learned a level 6 spell: Statue Form
 47778 | D:14     | Reached skill level 10 in Transmutations
 49736 | D:14     | Found a gate to the Vaults.
 49739 | D:14     | Got the Compilation of the Spider and Vicissitude
 50058 | D:14     | Noticed Jorgrun
 50082 | D:14     | Killed Jorgrun
 50369 | D:15     | Entered Level 15 of the Dungeon
 51874 | D:15     | Found a staircase to the Depths.
 52241 | D:15     | Found a portal to a secret trove of treasure.
 52701 | D:15     | Reached skill level 5 in Shields
 53005 | Lair:1   | Killed juan097's ghost
 53106 | Swamp:1  | Entered Level 1 of the Swamp
 53171 | Swamp:1  | Learned a level 2 spell: Blink
 53194 | Swamp:1  | Acquired Sif Muna's Vellum of Flesh
 53292 | Swamp:1  | Noticed a tentacled monstrosity
 53313 | Swamp:1  | Killed a tentacled monstrosity
 53595 | Swamp:1  | Identified the +5 falchion of Linearity {freeze, rF+}
 54807 | Swamp:1  | Noticed Mlioglotl
 54813 | Swamp:1  | Noticed a deep elf sorcerer
 54818 | Swamp:1  | Killed Mlioglotl
 55099 | Swamp:1  | Reached skill level 10 in Invocations
 55103 | Swamp:1  | Reached XP level 16. HP: 137/137 MP: 17/26
 56418 | Swamp:2  | Learned a level 3 spell: Vampiric Draining
 58089 | Swamp:3  | Reached skill level 5 in Necromancy
 58313 | Swamp:4  | Entered Level 4 of the Swamp
 58322 | Swamp:4  | Learned a level 2 spell: Sublimation of Blood
 58665 | Swamp:4  | Noticed the 27-headed Lernaean hydra
 58991 | Swamp:4  | Identified the +3 chain mail of Eternal Night {rPois rF++}
 59031 | Swamp:4  | Reached skill level 1 in Evocations
 59045 | Swamp:4  | Killed the 27-headed Lernaean hydra
 59744 | Swamp:4  | Got a decaying rune of Zot
 60257 | Lair:2   | Learned a level 2 spell: Passwall
 60491 | Spider:1 | Entered Level 1 of the Spider Nest
 60504 | Spider:1 | HP: 2/179 [demonic crawler (12)]
 60505 | Spider:1 | Mangled by a demonic crawler

Illustrated notes

Levels and vault maps discovered:
D:1:      dpeg_arrival_ratfight, layout_loops_ring,
          dreamdust_ecumenical_altar_statues
D:2:      minmay_door_path, layout_loops_corners, serial_shops, shop
D:3:      layout_rooms, gammafunk_ghost_cemetery, guppyfry_early_orc_mine,
          uniq_pargi
D:4:      kennysheep_kobold_camp, layout_basic, kennysheep_mini_moat,
          uniq_menkaure
D:5:      layout_gridville, minmay_temple_entry_drinking_statues,
          minmay_hedge_maze
D:6:      layout_cave_pods
D:7:      layout_loops_corners
D:8:      wad_cavern_with_rooms, layout_gridville,
          beargit_hepliaklqana_dungeon_heroes, old_standard_altar, serial_shops,
          shop, kb_lookout_dungeons_type, nicolae_alphabet_shops
D:9:      layout_basic, mainiacjoe_overflow_cross_hatched,
          hellmonk_lair_entry_icy, serial_bayou_crossing, uniq_joseph
D:10:     layout_basic, chequers_serial_rivers_small_3
D:11:     layout_rooms, nrook_uturn, uniq_urug, uniq_harold
D:12:     kennysheep_room_grid, layout_long_grid
D:13:     layout_roguey, serial_ice, serial_ice_e, serial_ice_k, serial_ice_f,
          serial_ice_b, serial_ice_c, serial_ice_o, serial_ice_h, serial_ice_d,
          serial_ice_g, serial_ice_m
D:14:     layout_irregular_city, david_vaults_4, hangedman_decor_lopped,
          uniq_jorgrun
D:15:     gammafunk_enter_depths_forms, layout_grid_maze,
          nicolae_trove_entry_diagonal, st_stairs_6,
          ashenzari_conservatory_becter
Lair:1:   layout_chaotic_city, ebering_ghost_xom, cheibrodos_lair_reptile_den
Lair:2:   layout_gridlike, nicolae_spider_entry_tight_spaces, lemuel_fruit_tree,
          grunt_megastairs_3, infiniplex_staircase_pool
Lair:3:   layout_misc_corridors, nicolae_swamp_entry_splash_gauntlet,
          grunt_megastairs_4, uniq_gastronok, uniq_nessos
Lair:4:   layout_loops_ring
Lair:5:   minmay_lair_end_enchanted_forest, layout_regular_city,
          nicolae_slime_entry_field_trip, nicolae_lair_lindhole
Swamp:1:  layout_basic_swamp, evilmike_swamp_ruin_house_1, swamp_pool5,
          nicolae_swamp_frolicking_bunyips, uniq_mlioglotl
Swamp:2:  layout_basic_swamp, evilmike_swamp_ruin_house_6
Swamp:3:  layout_basic_swamp, evilmike_swamp_ruin_wall, swamp_pool4,
          nicolae_swamp_super_fun_site
Swamp:4:  swamp_old_school, layout_basic_swamp
Spider:1: layout_spider_delve, gammafunk_ghost_arena, uniq_donald, uniq_roxanne
Orc:1:    layout_caves, nooodl_orcs_dogs
Orc:2:    st_orc_town, layout_caves, basic_altar, special_room, sword_in_stone

Skill      XL: |  1  2  3  4  5  6  7  8  9 10 11 12 13 14 15 16 |
---------------+-------------------------------------------------+-----
Unarmed Combat | 4 5 7 8 9 10 11 12 13 14 | 14.4
Dodging        | 2 3 4 5 6 7 8 9 |  9.8
Fighting       | 2 3 5 6 7 9 10 11 | 11.4
Transmutations | 3 5 7 8 9 10 | 10.7
Poison Magic   | 2 |  2.3
Ice Magic      | 5 |  5.7
Invocations    | 8 10 | 10.5
Earth Magic    | 1 6 9 |  9.9
Spellcasting   | 3 5 6 8 |  8.5
Conjurations   | 4 6 |  6.6
Shields        | 3 7 8 |  8.0
Necromancy     | 3 8 |  8.0
Evocations     | 3 |  3.2

Action                     |  1- 3 |  4- 6 |  7- 9 | 10-12 | 13-15 | 16-18 || total
---------------------------+-------+-------+-------+-------+-------+-------++-------
  Melee: Unarmed           |   147 |   103 |   267 |   489 |  1119 |   204 ||  2329
         Headbutt          |    11 |    10 |    24 |       |       |       ||    45
         Tailslap          |    10 |    10 |    17 |     2 |    41 |    52 ||   132
         Kick              |    10 |    17 |    25 |       |       |       ||    52
         Punch             |     3 |     1 |     5 |       |     1 |       ||    10
         Falchion          |       |       |       |    13 |    73 |       ||    86
   Fire: Sling             |       |     7 |   107 |   102 |       |       ||   216
  Throw: Dart              |       |       |       |    30 |       |       ||    30
         Boomerang         |       |       |       |     7 |   103 |       ||   110
         Javelin           |       |       |       |     1 |       |       ||     1
   Cast: Beastly Appendage |    19 |    23 |    23 |       |       |       ||    65
         Wereblood         |       |     2 |    12 |    19 |    46 |    12 ||    91
         Spider Form       |       |       |    28 |    29 |     4 |       ||    61
         Ice Form          |       |       |       |    26 |   141 |       ||   167
         Petrify           |       |       |       |     4 |    22 |       ||    26
         Mephitic Cloud    |       |       |       |       |    91 |     5 ||    96
         Irradiate         |       |       |       |       |    32 |    17 ||    49
         Statue Form       |       |       |       |       |    10 |    25 ||    35
         Animate Dead      |       |       |       |       |     4 |     9 ||    13
         Vampiric Draining |       |       |       |       |       |    11 ||    11
         Blink             |       |       |       |       |       |     2 ||     2
         Passwall          |       |       |       |       |       |     1 ||     1
 Invoke: Forget Spell      |       |       |       |       |     3 |       ||     3
         Divine Exegesis   |       |       |       |       |     2 |       ||     2
Ability: Breathe Noxious F |       |       |     8 |     8 |    19 |       ||    35
         End Transformatio |       |       |       |       |     1 |       ||     1
  Evoke: Wand              |       |       |    13 |    13 |    17 |     7 ||    50
         Phial of floods   |       |       |       |       |     1 |     2 ||     3
    Use: Scroll            |     4 |     9 |     6 |    10 |    21 |    14 ||    64
         Potion            |       |     1 |       |     4 |    14 |    10 ||    29
   Stab: Confused          |       |       |     3 |     3 |    35 |     1 ||    42
         Distracted        |       |       |       |     1 |     2 |       ||     3
         Sleeping          |       |       |       |     1 |       |     1 ||     2
         Petrified         |       |       |       |       |    23 |       ||    23
         Paralysed         |       |       |       |       |     3 |       ||     3
 Armour: Skin              |    66 |    65 |   113 |   166 |   554 |   453 ||  1417
  Dodge: Dodged            |   138 |    65 |   235 |   421 |   832 |   403 ||  2094
  Block: Buckler           |       |       |       |       |    18 |       ||    18
         Kite shield       |       |       |       |       |   186 |   577 ||   763
         Other             |       |       |       |       |    67 |       ||    67
         Reflection        |       |       |       |       |    17 |     6 ||    23

Table legend: (Time is in decaauts)
 A = Elapsed time spent in this place.
 B = Non-inter-level travel time spent in this place.
 C = Inter-level travel time spent in this place.
 D = Time resting spent in this place.
 E = Time spent auto-exploring this place.
 F = Levels seen in this place.
 G = Mean time per level.
                   A        B        C        D        E       F      G
               +--------+--------+--------+--------+--------+-----+--------+
         Total |  61392 |  59324 |   2068 |  33832 |  16078 |  27 | 2273.8 |
       Dungeon |  32094 |  30676 |   1418 |  17245 |   9073 |  15 | 2139.6 |
          Lair |  14826 |  14435 |    391 |   8333 |   3643 |   5 | 2965.2 |
         Swamp |   7964 |   7792 |    172 |   3970 |   2389 |   4 | 1991.0 |
   Spider Nest |     18 |     18 |      0 |      0 |      0 |   1 |   18.0 |
  Orcish Mines |   6487 |   6402 |     85 |   4282 |    973 |   2 | 3243.5 |
               +--------+--------+--------+--------+--------+-----+--------+

Top non-repeatable levels by time:
   Orc:2: 4065 daAuts
  Lair:5: 3994 daAuts
  Lair:1: 3777 daAuts
    D:12: 3520 daAuts
     D:8: 3261 daAuts
     D:9: 2998 daAuts
    D:13: 2719 daAuts
  Lair:2: 2538 daAuts
   Orc:1: 2422 daAuts
    D:15: 2410 daAuts
 Swamp:1: 2399 daAuts
    D:11: 2333 daAuts
     D:7: 2320 daAuts
  Lair:4: 2308 daAuts
  Lair:3: 2207 daAuts
